 Dungeon Crawl Stone Soup version 0.30-a0-779-g7971cf19c3 (webtiles) character file.

Game seed: 3299074247490707889

0 DEFE the Caller (level 1, -1/13 HPs)
             Began as a Demonspawn Wanderer on Feb 17, 2023.
             Slain by a hobgoblin (3 damage)
             ... on level 2 of the Dungeon.
             The game lasted 00:00:15 (148 turns).

DEFE the Caller (Demonspawn Wanderer)                Turns: 148, Time: 00:00:15

Health: -1/13      AC:  2    Str: 11    XL:     1   Next: 8%
Magic:  2/2        EV: 11    Int: 15    God:
Gold:   34         SH:  0    Dex: 11    Spells: 1/2 levels left

rFire   . . .      SeeInvis .    a - +0 dagger
rCold   . . .      Faith    .    (no shield)
rNeg    . . .      Spirit   .    d - +0 robe
rPois   .          Reflect  .    (no helmet)
rElec   .          Harm     .    (no cloak)
rCorr   .          Rampage  .    (no gloves)
Will    .....                    (no boots)
Stlth   +                        (no amulet)
HPRegen 0.22/turn                (no ring)
MPRegen 0.08/turn                (no ring)

@: no status effects
A: no striking features
a: no special abilities


You were on level 2 of the Dungeon.
You visited 1 branch of the dungeon, and saw 2 of its levels.

You collected 34 gold pieces.

Inventory:

Hand Weapons
 a - a +0 dagger (weapon)
Missiles
 b - 12 poisoned darts (quivered)
Armour
 d - a +0 robe (worn)
Scrolls
 c - 2 scrolls of silence
 e - a scroll of teleportation {unknown}
 f - a scroll of enchant weapon {unknown}
 g - a scroll of blinking {unknown}


   Skills:
 + Level 0.2 Fighting
 - Level 2.6 Throwing
 - Level 1.0 Spellcasting
 - Level 3.0 Summonings
 - Level 2.6 Air Magic


You had one spell level left.
You knew the following spells:

 Your Spells              Type           Power      Damage    Failure   Level
a - Summon Small Mammal   Summ           36%        N/A       7%          1

Your spell library contained the following spells:

 Spells                   Type           Power      Damage    Failure   Level
 Poisonous Vapours        Pois/Air       8%         N/A       22%         2
 Cigotuvi's Dreadful Rot  Necr/Pois/Air  6%         N/A       26%         2
 Summon Lightning Spire   Summ/Air       9%         N/A       58%         4
 Animate Armour           Summ/Erth      10%        N/A       78%         4


Dungeon Overview and Level Annotations

Branches:
Dungeon (1/15)

Altars:


Message History

You open the door.
An endoplasm and a hobgoblin come into view.
Found a stone staircase leading down.
There are monsters nearby!
Found a scroll labelled RIDE TOIVEYJA and a sling.
There is an open door here.
The hobgoblin hits you.
You take 1 damage, and have 12/13 hp.
There is an open door here.
Health restored: 13 The hobgoblin attacks as you move away!
The hobgoblin barely misses you.
You barely miss the hobgoblin. The hobgoblin hits you.
You take 4 damage, and have 9/13 hp.
MASSIVE DAMAGE!!
You barely miss the hobgoblin. The hobgoblin completely misses you.
Unknown command.
You barely miss the hobgoblin. The hobgoblin hits you.
You hit the hobgoblin but do no damage. The hobgoblin misses you.
You closely miss the hobgoblin. The hobgoblin barely misses you.
Unknown command.
Unknown command.
You hit the hobgoblin but do no damage. The hobgoblin barely misses you.
You take 2 damage, and have 7/13 hp.
Unknown command.
You closely miss the hobgoblin. The hobgoblin hits you.
* * * LOW HITPOINT WARNING * * *
You take 4 damage, and have 3/13 hp.
MASSIVE DAMAGE!!
You barely miss the hobgoblin. The hobgoblin hits you.
* * * LOW HITPOINT WARNING * * *
You hit the hobgoblin.
The hobgoblin hits you but does no damage.
Unknown command.
You barely miss the hobgoblin.
You punch the hobgoblin, but do no damage.
The hobgoblin hits you.
* * * LOW HITPOINT WARNING * * *
You take 1 damage, and have 2/13 hp.
You hit the hobgoblin but do no damage. The hobgoblin hits you.
You die...

#### ##...#### #........
#........
###################........
................@gJ....>...
####.....†...######........
####'#######.# .........
...........#.# ........?.
...........#.# ...........
...........#.# #...........
...........#.# #........###
...........#.# ###+#..)..
...........#.#


You could see an endoplasm and a hobgoblin.

Vanquished Creatures
  A rat (D:2)
1 creature vanquished.

Notes
Turn   | Place    | Note
-------+----------+-------------------------------------------
     0 | D:1      | DEFE the Demonspawn Wanderer began the quest for the Orb.
     0 | D:1      | DEFE set off with the following items: a +0 dagger, 12
                  | poisoned darts, a scroll of silence, a +0 robe; and the
                  | following spell memorised: Summon Small Mammal; and the
                  | following spells available to memorise: Poisonous Vapours,
                  | Cigotuvi's Dreadful Rot, Summon Lightning Spire, Animate
                  | Armour.
     0 | D:1      | Reached XP level 1. HP: 13/13 MP: 2/2
    32 | D:1      | You fall into a shaft and drop 1 floor!
   148 | D:2      | Slain by a hobgoblin

Illustrated notes

Levels and vault maps discovered:
D:1:      ncdulo_watergridlock, layout_basic, palyth_stone_intersect,
          item_on_display_a
D:2:      layout_basic

Action                     || total
---------------------------++-------
  Melee: Dagger            ||    26
         Punch             ||     2
 Armour: Robe              ||     4
  Dodge: Dodged            ||    11

Table legend: (Time is in decaauts)
 A = Elapsed time spent in this place.
 B = Non-inter-level travel time spent in this place.
 C = Inter-level travel time spent in this place.
 D = Time resting spent in this place.
 E = Time spent auto-exploring this place.
 F = Levels seen in this place.
 G = Mean time per level.
                   A        B        C        D        E       F      G
               +--------+--------+--------+--------+--------+-----+--------+
         Total |    148 |    148 |      0 |     29 |     76 |   2 |   74.0 |
       Dungeon |    148 |    148 |      0 |     29 |     76 |   2 |   74.0 |
               +--------+--------+--------+--------+--------+-----+--------+

Top non-repeatable levels by time:
     D:2: 115 daAuts
     D:1: 32 daAuts
